 Dungeon Crawl Stone Soup version 0.30-a0-305-g026cb31310 (webtiles) character file.

Game seed: 14486447203921795500

7 EdirashGloemor the Trooper (level 2, -1/25 HPs)
             Began as a Barachi Cinder Acolyte on Oct 23, 2022.
             Was a High Priest of Ignis.
             Slain by a jackal (3 damage)
             ... on level 1 of the Dungeon.
             The game lasted 00:00:27 (123 turns).

EdirashGloemor the Trooper (Barachi Cinder Acolyte)  Turns: 123, Time: 00:00:28

Health: -1/25      AC:  2    Str: 15    XL:     2   Next: 0%
Magic:  3/3        EV: 11    Int: 14    God:    Ignis [*****.]
Gold:   14         SH:  0    Dex:  7    Spells: 3/3 levels left

rFire   + . .      SeeInvis .    a - -1 mace (flame)
rCold   . . .      Faith    .    (no shield)
rNeg    . . .      Spirit   .    b - +0 robe
rPois   .          Reflect  .    (no helmet)
rElec   .          Harm     .    (no cloak)
rCorr   .          Rampage  .    (no gloves)
Will    .....                    (no boots)
Stlth   +.........               (no amulet)
HPRegen 0.24/turn                (no ring)
MPRegen 0.08/turn                (no ring)

@: slow
A: amphibious, slowness 1, strong legs 1, +LOS
a: Hop, Renounce Religion, Fiery Armour, Foxfire Swarm, Rising Flame


You were on level 1 of the Dungeon.
You worshipped Ignis.
Ignis was extremely pleased with you.
You visited 1 branch of the dungeon, and saw 1 of its levels.

You collected 14 gold pieces.


Innate Abilities, Weirdness & Mutations

You are amphibious.
You cover ground slowly.
You can hop short distances.
You have an extended range of vision and can be seen from far away.


   Skills:
 + Level 3.7 Fighting
 + Level 3.4 Maces & Flails
 + Level 0.5 Armour
 + Level 1.3 Spellcasting
 + Level 3.4 Fire Magic


You had 3 spell levels left.
You didn't know any spells.
Your spell library contained the following spells:

 Spells                   Type           Power      Damage    Failure   Level
 Scorch                   Fire           20%        2d6       10%         2

Inventory:

Hand Weapons
 a - a -1 mace of flaming (weapon)
Armour
 b - a +0 robe (worn)
Scrolls
 c - a scroll of poison {unknown}
 d - a scroll of enchant armour {unknown}
 e - a scroll of fear {unknown}

Dungeon Overview and Level Annotations

Branches:
Dungeon (1/15) Zot: 5853

Altars:

#.# #### #.# #
### ......... ...
...#.#.##..
..#.#....
######.#.#..#
............#.# .
####....†h.##.#.#
.......b@...#.#.#
.!...............
####..........#.#
#####..>...#.#
#......#.##.
#......#.#..
#......#.#.#
####'#.#.#.#
#.#.#.#.# ##


You could see a jackal and a bat.


Message History

The bat closely misses you. The jackal bites you.
* * * LOW HITPOINT WARNING * * *
The jackal barely misses you.
You have reached level 2!
MP restored: 3 You closely miss the jackal.
The bat barely misses you. The jackal bites you.
* * * LOW HITPOINT WARNING * * *
The jackal bites you.
* * * LOW HITPOINT WARNING * * *
You take 3 damage, and have 7/25 hp.
You closely miss the jackal. The jackal barely misses you. The bat hits you.
* * * LOW HITPOINT WARNING * * *
The jackal bites you but does no damage.
You take 1 damage, and have 6/25 hp.
You hit the jackal but do no damage. The bat closely misses you.
The jackal bites you.
* * * LOW HITPOINT WARNING * * *
You take 1 damage, and have 5/25 hp.
You closely miss the jackal. The bat hits you but does no damage.
The jackal bites you.
* * * LOW HITPOINT WARNING * * *
The jackal barely misses you. The bat completely misses you.
You take 1 damage, and have 4/25 hp.
You closely miss the jackal. The jackal bites you.
* * * LOW HITPOINT WARNING * * *
The jackal closely misses you.
You take 2 damage, and have 2/25 hp.
You hit the jackal. You burn the jackal. The bat closely misses you.
The jackal bites you.
You die...

Action                   || total
-------------------------++-------
Melee: Mace              ||    23
Armor: Robe              ||     6
Dodge: Dodged            ||    23

Levels and vault maps discovered:
D:1:      erik_arrival_triangle_large, layout_basic

Notes
Turn   | Place    | Note
-------+----------+-------------------------------------------
     0 | D:1      | EdirashGloemor the Barachi Cinder Acolyte began the quest
                  | for the Orb.
     0 | D:1      | Reached XP level 1. HP: 18/18 MP: 2/2
   118 | D:1      | Reached XP level 2. HP: 10/25 MP: 3/3
   119 | D:1      | HP: 6/25 [bat (1)]
   122 | D:1      | HP: 2/25 [jackal (2)]
   123 | D:1      | Slain by a jackal

Vanquished Creatures
  A giant cockroach (D:1)
  A goblin (D:1)
  A hobgoblin (D:1)
  A jackal (D:1)
  A ball python (D:1)
  A rat (D:1)
6 creatures vanquished.

Table legend: (Time is in decaauts)
 A = Elapsed time spent in this place.
 B = Non-inter-level travel time spent in this place.
 C = Inter-level travel time spent in this place.
 D = Time resting spent in this place.
 E = Time spent auto-exploring this place.
 F = Levels seen in this place.
 G = Mean time per level.
                   A        B        C        D        E       F      G
               +--------+--------+--------+--------+--------+-----+--------+
         Total |    145 |    145 |      0 |      0 |     95 |   1 |  145.0 |
       Dungeon |    145 |    145 |      0 |      0 |     95 |   1 |  145.0 |
               +--------+--------+--------+--------+--------+-----+--------+

Top non-repeatable levels by time:
     D:1: 145 daAuts

Table legend:
 A = Kills in this place as a percentage of kills in entire the game.
 B = Kills by you in this place as a percentage of kills by you in the entire game.
 C = Kills by friends in this place as a percentage of kills by friends in the entire game.
 D = Other kills in this place as a percentage of other kills in the entire game.
 E = Experience gained in this place as a percentage of experience gained in the entire game.
 F = Experience gained in this place divided by the number of levels of this place that you have seen.
                   A       B       C       D       E      F
               +-------+-------+-------+-------+-------+----------------------
         Total | 100.0 | 100.0 |   N/A |   N/A | 100.0 |  10.0
       Dungeon | 100.0 | 100.0 |   N/A |   N/A | 100.0 |  10.0
               +-------+-------+-------+-------+-------+----------------------

Table legend:
 A = Non-vault XP
 B = Vault XP
 C = Vault XP percentage of total XP
 D = Non-vault monster count
 E = Vault monster count
 F = Vault count percentage of total count
                 A         B        C        D         E       F
            +---------+---------+-------+---------+---------+-------
      Total |      10 |       0 |   0.0 |       6 |       0 |   0.0
            +---------+---------+-------+---------+---------+-------
        D:1 |      10 |       0 |   0.0 |       6 |       0 |   0.0
            +---------+---------+-------+---------+---------+-------
